 Dungeon Crawl Stone Soup version 0.27-a0-1612-gde56a17b89 (webtiles) character file.

Game seed: 352496062187312661

46 siradein the Slasher (level 3, -1/19 HPs)
             Began as a Vine Stalker Fighter on July 22, 2021.
             Succumbed to Robin's poison
             ... on level 2 of the Dungeon.
             The game lasted 00:04:23 (1692 turns).

siradein the Slasher (Vine Stalker Fighter)         Turns: 1692, Time: 00:04:23

Health: -1/19      AC:  7    Str: 19    XL:     3   Next: 66%
Magic:  4/4        EV:  7    Int:  8    God:
Gold:   61         SH:  9    Dex: 13    Spells: 2/2 levels left

rFire    . . .     SeeInvis .   m - +0 short sword (speed)
rCold    . . .     Faith    .   c - +0 kite shield
rNeg     . . .     Spirit   +   b - +0 scale mail
rPois    .         Reflect  .   (no helmet)
rElec    .         Harm     .   (no cloak)
rCorr    .         Rampage  .   j - +0 pair of gloves
Will     .....                  (no boots)
Stlth    ..........             (no amulet)
HPRegen  0.06/turn              (no ring)
MPRegen  0.09/turn              (no ring)

@: lethally poisoned (-1 -> -12)
A: fangs 2, magic shield, antimagic bite, no potion heal 2
a: no special abilities


You were on level 2 of the Dungeon.
You visited 1 branch of the dungeon, and saw 2 of its levels.

You collected 61 gold pieces.

Inventory:

Hand Weapons
 a - a +0 long sword
 m - a +0 short sword of speed (weapon)
Armour
 b - a +0 scale mail (worn)
 c - a +0 kite shield (worn)
 j - a +0 pair of gloves (worn)
Jewellery
 l - a ring of protection from cold
Scrolls
 g - a scroll of vulnerability {unknown}
 i - a scroll of teleportation {unknown}
 k - 2 scrolls of immolation {unknown}
Potions
 d - a potion of might
 e - a potion of mutation {unknown}
 f - a potion of magic {unknown}
 h - a potion of cancellation {unknown}
 n - a potion of lignification {unknown}
 o - a potion of attraction {unknown}


   Skills:
 - Level 2.6 Fighting
 + Level 3.4 Long Blades
 - Level 2.4 Armour
 + Level 2.8 Shields


You had 2 spell levels left.
You didn't know any spells.
Your spell library was empty.

Dungeon Overview and Level Annotations

Branches:
Dungeon (2/15)

Altars:

Annotations:
D:2 Robin


Innate Abilities, Weirdness & Mutations

You have extremely sharp teeth.
When hurt, damage is shared between your health and your magic reserves.
Your bite disrupts and absorbs the magic of your enemies.
Potions cannot restore your health.


Message History

You kill the rat!
Robin roars a battlecry!
You hear a shout! x2
A bat, 3 goblins and a hobgoblin come into view.
The hobgoblin shouts!
The goblin shouts!
Robin says, "We wiped out the hill dwarves - you're next!"
Robin hits you from afar with a +2 spear of venom.
You are lethally poisoned!
The goblin moves out of view.
You see here a +0 dagger.
You hit the endoplasm.
You kill the endoplasm!
You feel sick.
The goblin no longer looks unusually strong.
Robin throws the goblin at you!
You are too injured to fight recklessly!
You are too injured to fight recklessly!
You are too injured to fight recklessly!
You are too injured to fight recklessly!
You are too injured to fight recklessly!
You are too injured to fight recklessly!
You hit the goblin but do no damage.
You feel sick.
A hobgoblin comes into view.
The goblin closely misses you. Robin hits you but does no damage.
You are more poisoned.
You closely miss the goblin. You bite the goblin. You drain its power.
You feel invigorated.
The goblin is moderately wounded.
* * * LOW HITPOINT WARNING * * *
You feel very sick. The goblin hits you but does no damage.
You hit the goblin but do no damage.
The goblin is moderately wounded.
* * * LOW HITPOINT WARNING * * *
You feel very sick.
Robin roars a battlecry!
A goblin comes into view. It is wielding a +0 club.
You closely miss the goblin. Your bite misses the goblin.
The goblin is moderately wounded.
You die...

#.##.# #.##.#
#.##.#
#.##.#####
#.....)..#
......#.###.#
.###....# #.#
#....# #g#
#..#.# #@#
#.....##.#
..8#8..g.#
#..#?#.g###
#8.g#
......g..#
#.....#..#
..........
##..#.....#


You could see Robin, a hobgoblin (strong) and 3 goblins.

Vanquished Creatures
  A worm (D:2)
  A dart slug (D:1)
  3 endoplasms
  4 goblins
  5 hobgoblins
  A jackal (D:1)
  8 kobolds
  2 quokkas
  3 ball pythons (D:1)
  5 bats
  2 frilled lizards (D:1)
  4 rats
39 creatures vanquished.

Vanquished Creatures (others)
  3 plants (D:1)
3 creatures vanquished.

Grand Total: 42 creatures vanquished

Notes
Turn   | Place    | Note
-------+----------+-------------------------------------------
     0 | D:1      | siradein the Vine Stalker Fighter began the quest for the
                  | Orb.
     0 | D:1      | Reached XP level 1. HP: 11/11 MP: 2/2
    39 | D:1      | Reached skill level 2 in Long Blades
   203 | D:1      | Reached XP level 2. HP: 14/16 MP: 3/3
   692 | D:1      | Reached skill level 3 in Long Blades
   702 | D:1      | Reached XP level 3. HP: 1/19 MP: 0/4
  1120 | D:1      | Found a faded altar of an unknown god.
  1670 | D:2      | Noticed Robin
  1692 | D:2      | Succumbed to Robin's poison

Illustrated notes

Levels and vault maps discovered:
D:1:      lightli_arrival_windingriver, layout_loops_ring,
          shapermc_ecumenical_altar_flowoftime, serial_bayou,
          serial_bayou_ford_a, serial_bayou_pond_e, serial_bayou_pond_b,
          serial_bayou_crossing, chequers_serial_rivers_small_3
D:2:      layout_loops_ring, chequers_serial_rivers_marsh, minmay_statues_item,
          hangedman_decor_push, minmay_misc_feat_rugged, minmay_tall_x,
          uniq_robin

Skill      XL: |  1  2 |
---------------+-------+-----
Long Blades    | 2 3 |  3.4
Fighting       | |  2.6
Armour         | |  2.4
Shields        | |  2.8

Action                   || total
-------------------------++-------
Melee: Long sword        ||    90
       Bite              ||    32
       Short sword       ||    21
Armor: Scale mail        ||    63
Dodge: Dodged            ||    38
Block: Kite shield       ||    69
       Rpst.: Long sword ||    10

Table legend: (Time is in decaauts)
 A = Elapsed time spent in this place.
 B = Non-inter-level travel time spent in this place.
 C = Inter-level travel time spent in this place.
 D = Time resting spent in this place.
 E = Time spent auto-exploring this place.
 F = Levels seen in this place.
 G = Mean time per level.
                   A        B        C        D        E       F      G
               +--------+--------+--------+--------+--------+-----+--------+
         Total |   1772 |   1627 |    145 |      8 |   1229 |   2 |  886.0 |
       Dungeon |   1772 |   1627 |    145 |      8 |   1229 |   2 |  886.0 |
               +--------+--------+--------+--------+--------+-----+--------+

Top non-repeatable levels by time:
     D:1: 1525 daAuts
     D:2: 246 daAuts
